 Dungeon Crawl Stone Soup version 0.30-a0-782-ge64f9170bb (webtiles) character file.

Game seed: 7997529263447987382

143257 Smoke131 the Unseen (level 16, -7/84 HPs)
             Began as a Spriggan Enchanter on Feb 18, 2023.
             Was a High Priest of Ashenzari.
             Killed by the raging water
             ... invoked by a water nymph
              (29 damage)
             ... on level 4 of the Shoals on Feb 19, 2023.
             The game lasted 02:28:54 (30412 turns).

Smoke131 the Unseen (Spriggan Enchanter)           Turns: 30412, Time: 02:28:55

Health: -7/84      AC:  7    Str:  4    XL:     16   Next: 82%
Magic:  26/31      EV: 50    Int: 19    God:    Ashenzari [*****.]
Gold:   2358       SH:  5    Dex: 35    Spells: 19/35 levels left

rFire   . . .      SeeInvis +    B - +8 quick blade "Prescient Henotheism" {flame, Int+2, Evo, Melee} (curse)
rCold   . . .      Faith    .    (no shield)
rNeg    . . .      Spirit   .    v - +1 steam dragon scales of Ashenzari's Shame {Cun, Elem} (curse)
rPois   .          Reflect  +    (helmet restricted)
rElec   .          Harm     .    r - +0 cloak "Seer of the Bound Sage" {Fort, Melee} (curse)
rCorr   .          Rampage  .    (gloves unavailable)
Will    ++...      Clarity  +    (boots unavailable)
Stlth   +++++                    R - amulet of Ashenzari's Urgency {Reflect SH+5, Evo, Melee} (curse)
HPRegen 0.34/turn                F - ring of the Ensconced Gloom {Dex+6, Elem, Self} (curse)
MPRegen 0.22/turn                C - ring "Ensconced Skepticism" {Dex+6, Alch, Bglg} (curse)

@: confusing by touch, about to teleport, slow
A: very small, no large weapons, unfitting armour, see invisible, speed 3
a: Renounce Religion, Curse Item, Shatter the Chains


You were on level 4 of the Shoals.
You worshipped Ashenzari.
Ashenzari was extremely pleased with you.
You visited 5 branches of the dungeon, and saw 25 of its levels.
You also visited: Sewer and Ice Cave.

You collected 2455 gold pieces.
You spent 97 gold pieces at shops.

Inventory:

Hand Weapons
 a - a +2 dagger
 n - a +1 dagger of venom
 B - the cursed +8 quick blade "Prescient Henotheism" (weapon) {flame, Int+2, Evo, Melee}
   (You acquired it on level 9 of the Dungeon)

   Int:       It affects your intelligence (+2).
   It has a curse which improves the following skills: Evocations: Evocations.
   Melee Combat: Short Blades, Long Blades, Axes, Maces & Flails, Polearms,
   Staves and Unarmed Combat.
 I - a +0 rapier
Armour
 r - the cursed +0 cloak "Seer of the Bound Sage" (worn) {Fort, Melee}
   (You took it off Crazy Yiuf on level 4 of the Dungeon)

   It has a curse which improves the following skills: Fortitude: Armour and
   Shields.
   Melee Combat: Short Blades, Long Blades, Axes, Maces & Flails, Polearms,
   Staves and Unarmed Combat.
 v - the cursed +1 steam dragon scales of Ashenzari's Shame (worn) {Cun, Elem}
   (You found it on level 5 of the Dungeon)

   It has a curse which improves the following skills: Cunning: Dodging and
   Stealth.
   Elements:  Fire Magic, Ice Magic, Air Magic and Earth Magic.
Jewellery
 e - an amulet of the acrobat
 t - a ring of flight
 w - a ring of resist corrosion
 y - a ring of wizardry
 z - a ring of ice
 C - the cursed ring "Ensconced Skepticism" (right hand) {Dex+6, Alch, Bglg}
   (You found it on level 10 of the Dungeon)

   [ring of dexterity]

   Dex:       It affects your dexterity (+6).
   It has a curse which improves the following skills: Alchemy: Poison Magic and
   Transmutations.
   Beguiling: Conjurations, Hexes and Translocations.
 F - the cursed ring of the Ensconced Gloom (left hand) {Dex+6, Elem, Self}
   (You found it on level 10 of the Dungeon)

   [ring of dexterity]

   Dex:       It affects your dexterity (+6).
   It has a curse which improves the following skills: Elements: Fire Magic, Ice
   Magic, Air Magic and Earth Magic.
   Introspection: Fighting and Spellcasting.
 J - a ring of willpower
 N - a ring of protection from cold
 P - a ring of poison resistance
 Q - the ring of the Lotus Blossom {rF+ Str+2}
   (You took it off a skeletal warrior on level 11 of the Dungeon)

   [ring of protection from fire]

   Str:       It affects your strength (+2).
   rF:        It protects you from fire.
 R - the cursed amulet of Ashenzari's Urgency (around neck) {Reflect SH+5, Evo, Melee}
   (You found it on level 1 of the Shoals)

   [amulet of reflection]

   It reflects blocked missile attacks.
   SH:        It affects your SH (+5).
   It has a curse which improves the following skills: Evocations: Evocations.
   Melee Combat: Short Blades, Long Blades, Axes, Maces & Flails, Polearms,
   Staves and Unarmed Combat.
 S - the amulet of Zaur {Harm rF- rN+++ Regen+ Dex-4}
   (You found it on level 4 of the Shoals)

   [amulet of regeneration]

   Dex:       It affects your dexterity (-4).
   rF:        It makes you vulnerable to fire.
   rN:        It renders you almost immune to negative energy.
   Regen:     It increases your rate of health regeneration.
   Harm:      It increases damage dealt and taken.
Wands
 d - a wand of flame (48)
 u - a wand of mindburst (29)
 K - a wand of paralysis (8)
 M - a wand of roots (13)
 O - a wand of polymorph (5)
Scrolls
 b - 2 scrolls of silence
 i - 2 scrolls of magic mapping
 m - a scroll of teleportation
 o - 4 scrolls of enchant weapon
 q - 6 scrolls of enchant armour
 D - 4 scrolls of fear
 G - 2 scrolls of fog
 L - a scroll of amnesia
Potions
 c - 2 potions of invisibility
 f - 4 potions of berserk rage
 g - 11 potions of curing
 h - 3 potions of resistance
 j - 2 potions of ambrosia
 k - 4 potions of might
 l - 5 potions of mutation
 p - 2 potions of magic
 x - 6 potions of brilliance
 A - 3 potions of flight
 E - 2 potions of haste
 H - 3 potions of cancellation


   Skills:
 + Level 7.1(9.5) Fighting
 + Level 10.3(14.8) Short Blades
 - Level 17.9(20.0) Dodging
 - Level 19.9(22.0) Stealth
 - Level 7.6(10.0) Spellcasting
 + Level 16.0(18.1) Hexes
 - Level 4.0(6.1) Translocations
 + Level 13.5(16.9) Ice Magic


You had 19 spell levels left.
You knew the following spells:

 Your Spells              Type           Power      Damage    Failure   Level
a - Ensorcelled Hibernat  Hex/Ice        100%       N/A       0%          2
b - Confusing Touch       Hex            68%        N/A       0%          3
c - Tukima's Dance        Hex            68%        N/A       0%          3
d - Hailstorm             Conj/Ice       42%        3d10      1%          3
e - Blink                 Tloc           64%        N/A       1%          2
f - Teleport Other        Tloc           32%        N/A       1%          3

Your spell library contained the following spells:

 Spells                   Type           Power      Damage    Failure   Level
 Freeze                   Ice            100%       1d10      0%          1
 Lesser Beckoning         Tloc           64%        N/A       1%          2
 Dazzling Flash           Conj/Hex       88%        N/A       1%          3
 Frozen Ramparts          Ice            100%       1d16      1%          3
 Portal Projectile        Hex/Tloc       100%       N/A       1%          3
 Fulminant Prism          Conj/Hex       22%        3d12      1%          4
 Momentum Strike          Conj/Tloc      42%        3d9       3%          2
 Manifold Assault         Tloc           32%        N/A       6%          4
 Ozocubu's Refrigeration  Ice            32%        4d14      6%          7
 Magic Dart               Conj           40%        1d5       7%          1
 Sting                    Tmut/Pois      40%        1d5       7%          1
 Cigotuvi's Dreadful Rot  Necr/Pois/Air  20%        N/A       10%         2
 Searing Ray              Conj           20%        2d5       10%         2
 Sticky Flame             Conj/Fire      10%        2d3       54%         4
 Animate Armour           Summ/Erth      20%        N/A       56%         4
 Summon Lightning Spire   Summ/Air       10%        N/A       56%         4
 Animate Dead             Necr           9%         N/A       58%         4
 Dispel Undead            Necr           9%         3d8       58%         4
 Dispersal                Tloc           16%        N/A       67%         6
 Blade Hands              Tmut           5%         N/A       88%         5
 Irradiate                Conj/Tmut      5%         3d13      88%         5
 Death Channel            Necr           4%         N/A       100%        6
 Eringya's Noxious Bog    Tmut/Pois      5%         N/A       100%        6
 Iron Shot                Conj/Erth      5%         9d2       100%        6
 Dragon Form              Tmut           5%         N/A       100%        7
 Haunt                    Necr/Summ      4%         N/A       100%        7
 Storm Form               Tmut/Air       5%         N/A       100%        7
 Infestation              Necr           4%         N/A       100%        8
 Maxwell's Capacitive Co  Air            5%         ∞         100%        8


Dungeon Overview and Level Annotations

Branches:
Dungeon (13/15)            Temple (1/1) D:7            Lair (5/5) D:8
 Shoals (4/4) Lair:2       Spider (0/4) Lair:3        Slime (0/5) Lair:5
    Orc (2/2) D:12            Elf (0/3) Orc:2         Sewer (visited)
  IceCv (visited)
 Vaults: D:13-14

Altars:
Ashenzari
Cheibriados
Dithmenos
Elyvilon
Fedhas
Gozag
Hepliaklqana
Kikubaaqudgha
Makhleb
Nemelex Xobeh
Okawaru
Qazlal
Ru
Sif Muna
Trog
Uskayaw
Vehumet
Wu Jian
Xom
Yredelemnul
Zin
The Shining One
Jiyva
Lugonu

Shops:
D:6 (   D:9 ((   D:11 !   Orc:2 [*(   Shoals:2 [   Shoals:3 [[

Portals:
Abyss: Shoals:1

Annotations:
D:9 4 transporters
D:11 1 runed translucent door
Orc:1 1 runed translucent door, jejorda2's ghost, journeyman MfBe


Innate Abilities, Weirdness & Mutations

You are very small and have problems with some larger weapons.
You are too small for most types of armour.
You have supernaturally acute eyesight. (SInv)
You cover ground extremely quickly. (Speed+++)


Message History

The water nymph gestures at you while chanting.
The water swirls and strikes you!!
Casting: Confusing Touch (safe; 0% risk of failure)
Confirm with . or Enter, or press ? or * to list all spells.
Your hands begin to glow red.
The water nymph completely misses you.
You hit the water nymph but do no damage.
You closely miss the water nymph. You barely miss the water nymph.
The water nymph completely misses you.
Your unstable footing causes you to fumble your attack.
You hit the water nymph but do no damage.
You closely miss the water nymph.
You hit the water nymph but do no damage.
The water nymph completely misses you.
Your unstable footing causes you to fumble your attack.
You closely miss the water nymph. You closely miss the water nymph.
The water nymph completely misses you.
You hit the water nymph but do no damage.
You hit the water nymph but do no damage.
You hit the water nymph but do no damage.
The water nymph casts a spell at you. The water swirls and strikes you!!
* * * LOW HITPOINT WARNING * * *
You feel much better. The water nymph casts a spell at you.
The water swirls and strikes you!!
* * * LOW HITPOINT WARNING * * *
You feel much better. The water nymph completely misses you.
You feel much better.
The water nymph gestures at you while chanting.
The water swirls and strikes you!!
* * * LOW HITPOINT WARNING * * *
You hit the water nymph but do no damage.
You hit the water nymph but do no damage.
Your unstable footing causes you to fumble your attack.
As you read the scroll of teleportation, it crumbles to dust.
You feel strangely unstable. The water nymph completely misses you.
You hit the water nymph but do no damage.
The water nymph gestures at you while chanting.
The water swirls and strikes you!!
You die...

...........~~~......(.~~PPP~~~~..
~~~....~~.~~~~...<...~P~P~P~~~...
~~~~~~~~~~~≈~~~~~...~≈~~~~~~.....
~~~~~~~~~~~~≈~~~~~~..~~~~~~~.....
≈≈≈≈≈≈≈~~~..~~~~~~~....######.)..
≈≈≈≈≈≈≈≈~~.#######~.~~##~...(#...
~~≈≈≈≈≈≈~~##≈≈≈≈≈##~)##~....#.#..
.~≈≈≈≈≈≈≈##~~~~~#≈##~#≈..#≈..#.#.
~.~~~≈≈≈≈#~~~≈≈~@#≈#~#≈.≈≈≈≈...#.
~.~~~~≈≈~#~~#≈≈≈m~≈#≈#≈.≈##≈≈..#.
~~~~~~~~~#~~≈##≈≈~≈#≈#≈..≈#≈#..#.
~~~~m~~~~#~~~≈#≈≈~≈#≈#≈#).≈≈..~#.
~~~~~~~~~#~#~~≈#~~≈#≈##≈#....~##.
~~~~~~{~~~#~#~~~~~##≈≈##≈≈≈≈≈##~~
~~~~~~~{~~~#~~~~~##≈≈≈≈#######≈~~
≈~~~~~~~~~~~######≈≈≈≈≈≈≈≈≈≈≈≈≈≈≈
~~~~~....~~~~≈≈≈≈≈≈≈≈≈≈≈≈≈≈≈≈≈≈≈≈


You could see a water nymph.

Vanquished Creatures
  Mlioglotl (Shoals:3)
  A lich (D:11)
  Frances (D:12)
  Polyphemus (Shoals:3)
  Kirke (D:12)
  A fire giant (D:11)
  3 merfolk javelineers
  A fire dragon (D:11)
  An ettin (D:12)
  9 merfolk impalers
  2 hydras
  The ghost of domi the Destroyer, a journeyman DsCj of Gozag (D:11)
  Erolcha (D:10)
  A catoblepas (Shoals:3)
  4 alligator snapping turtles
  5 merfolk avatars
  An anaconda (Lair:5)
  A satyr (Shoals:4)
  3 merfolk aquamancers
  A boulder beetle (D:12)
  7 two-headed ogres
  5 death yaks
  3 orc high priests (Orc:2)
  Sonja (Lair:2)
  2 wretched stars (Shoals:1)
  Nergalle (Orc:1)
  2 skeletal warriors (D:11)
  3 skysharks
  12 sea snakes
  A bog body (IceCv)
  38 harpies
  2 necromancers
  4 orc sorcerers (Orc:2)
  5 orc knights
  2 ugly things (D:12)
  4 cyclopes
  A wolf spider (Lair:3)
  8 elephants
  2 worldbinders (Shoals:1)
  10 manticores
  5 fauns
  6 water nymphs
  16 merfolk sirens
  Maurice (D:12)
  2 ice statues (IceCv)
  5 black mambas
  A torpor snail (Lair:4)
  A gargoyle (D:11)
  2 apocalypse crabs (Shoals:1)
  11 cane toads
  An unseen horror (D:12)
  2 rime drakes
  4 komodo dragons
  2 anaconda simulacra (IceCv)
  8 ice devils
  An ancient zyme (Shoals:1)
  22 merfolk
  3 trolls
  A hornet (Lair:2)
  10 polar bears
  4 raiju (Lair:5)
  13 dream sheep
  5 wind drakes
  21 blink frogs
  9 snapping turtles
  15 slime creatures
  A shadow (D:11)
  Sigmund (D:3)
  2 jumping spiders (Lair:3)
  10 water elementals
  7 wyverns
  3 dire elephant simulacra (IceCv)
  A vampire (D:11)
  17 yaks
  4 wraiths
  3 hogs (D:12)
  3 steam dragons
  A basilisk (Lair:5)
  2 redbacks (Lair:3)
  A harpy simulacrum (IceCv)
  2 death yak simulacra (IceCv)
  2 vampire mosquitoes (D:11)
  6 wargs
  An acid dragon (D:10)
  A spatial vortex (Shoals:1)
  4 hydra simulacra (IceCv)
  Duvessa (D:4)
  17 water moccasins
  23 orc warriors
  13 hell hounds (Lair:5)
  A small abomination (Shoals:1)
  An ice beast (D:6)
  2 sky beasts (D:7)
  14 black bears
  11 ogres
  20 wolves
  3 centaurs
  4 kobold brigands
  17 bullfrogs
  5 necrophages
  A gnoll sergeant (D:7)
  5 scorpions
  5 wights (D:8)
  Dowan (D:4)
  16 killer bees
  5 howler monkeys
  A crimson imp (D:7)
  3 hounds
  A jelly (D:5)
  Crazy Yiuf (D:4)
  20 orc priests
  A gnoll bouda (D:9)
  An iron imp (D:6)
  Terence (D:3)
  29 orc wizards
  Natasha (thrice) (D:3)
  An iguana (D:7)
  A spriggan simulacrum (IceCv)
  12 gnolls
  22 adders
  3 shadow imps
  3 white imps
  An ufetubus (IceCv)
  4 worms
  2 dart slugs
  79 orcs
  9 ball pythons
  11 endoplasms
  5 giant cockroaches
  8 goblins
  10 hobgoblins
  12 jackals
  6 quokkas
  8 bats
  5 frilled lizards
  A goblin skeleton (D:6)
  2 goblin zombies (D:6)
  5 hobgoblin zombies (D:6)
  16 kobolds
  A kobold skeleton (D:6)
  A kobold zombie (D:6)
  An orc skeleton (D:6)
  An orc zombie (D:6)
  14 rats
  2 butterflies (D:10)
868 creatures vanquished.

Vanquished Creatures (others)
  8 fungi
  116 plants
  16 tentacles
140 creatures vanquished.

Grand Total: 1008 creatures vanquished

Notes
Turn   | Place    | Note
-------+----------+-------------------------------------------
     0 | D:1      | Smoke131 the Spriggan Enchanter began the quest for the
                  | Orb.
     0 | D:1      | Reached XP level 1. HP: 9/9 MP: 5/5
    96 | D:1      | Reached XP level 2. HP: 9/13 MP: 6/6
   620 | D:1      | Reached XP level 3. HP: 10/16 MP: 8/8
   769 | D:1      | Reached skill level 5 in Stealth
   951 | D:1      | Learned a level 2 spell: Ensorcelled Hibernation
   955 | D:1      | Learned a level 3 spell: Confusing Touch
   959 | D:1      | Learned a level 3 spell: Tukima's Dance
  1359 | D:2      | Found a shimmering altar of Xom.
  1376 | D:2      | Reached XP level 4. HP: 21/21 MP: 7/10
  1729 | D:3      | Noticed Terence
  1731 | D:3      | Killed Terence
  1806 | D:3      | Noticed Natasha
  1813 | D:3      | Killed Natasha
  1814 | D:3      | Reached XP level 5. HP: 24/24 MP: 11/11
  1861 | D:3      | Noticed Natasha
  1890 | D:3      | Killed Natasha
  1917 | D:3      | Noticed Natasha
  1923 | D:3      | Killed Natasha
  2018 | D:3      | Reached skill level 6 in Stealth
  2221 | D:3      | Noticed Sigmund
  2248 | D:3      | Reached XP level 6. HP: 20/28 MP: 10/13
  2379 | D:3      | Killed Sigmund
  2380 | D:3      | Reached skill level 5 in Hexes
  2488 | D:3      | Found a broken altar of Ashenzari.
  2981 | D:4      | Noticed Dowan
  2982 | D:4      | Found a basalt altar of Yredelemnul.
  2990 | D:4      | Killed Dowan
  2992 | D:4      | Noticed Duvessa
  3086 | D:4      | Noticed a steam dragon
  3089 | D:4      | Killed a steam dragon
  3090 | D:4      | Reached skill level 5 in Dodging
  3090 | D:4      | Reached XP level 7. HP: 32/32 MP: 15/15
  3327 | D:4      | Reached skill level 7 in Stealth
  3472 | D:4      | Found a glowing silver altar of Zin.
  3625 | D:4      | Reached skill level 5 in Spellcasting
  3787 | D:4      | Killed Duvessa
  3788 | D:4      | Reached skill level 1 in Ice Magic
  3838 | D:4      | Found a runed translucent door.
  3839 | D:4      | Noticed Crazy Yiuf
  3845 | D:4      | Killed Crazy Yiuf
  4552 | D:5      | Entered Level 5 of the Dungeon
  4623 | D:5      | Reached XP level 8. HP: 36/36 MP: 11/16
  4682 | D:5      | Reached skill level 8 in Stealth
  4705 | D:5      | Found an iron altar of Okawaru.
  4996 | D:5      | Reached skill level 5 in Short Blades
  5395 | D:5      | Found a glowing drain.
  5400 | Sewer    | Entered a sewer
  5513 | Sewer    | Reached skill level 9 in Stealth
  6676 | D:6      | Reached XP level 9. HP: 29/39 MP: 11/17
  6884 | D:6      | Found Jaruen's Antique Weapon Shop.
  6934 | D:6      | Found a glowing golden altar of the Shining One.
  7131 | D:6      | Found an ancient bone altar of Kikubaaqudgha.
  7918 | D:7      | Identified the +1 ring mail "Tetessyo" {*Slow Str+9}
  7961 | D:7      | Found a blossoming altar of Fedhas.
  8070 | D:7      | Found a staircase to the Ecumenical Temple.
  8075 | D:7      | Reached skill level 10 in Stealth
  8076 | Temple   | Entered the Ecumenical Temple
  8300 | D:3      | Became a worshipper of Ashenzari the Shackled
  8438 | D:7      | Found a sparkling altar of Nemelex Xobeh.
  8691 | D:7      | Found a burning altar of Makhleb.
  8843 | D:7      | Found a shadowy altar of Dithmenos.
  8843 | D:7      | Found a snail-covered altar of Cheibriados.
  9201 | D:8      | Got Nam Rus's Information on Congelation
  9304 | D:8      | Reached XP level 10. HP: 44/44 MP: 18/18
  9387 | D:8      | Found a shimmering blue altar of Sif Muna.
  9551 | D:8      | Noticed a two-headed ogre
  9580 | D:8      | Killed a two-headed ogre
  9581 | D:8      | Reached skill level 5 in Ice Magic
  9645 | D:8      | Found a white marble altar of Elyvilon.
  9709 | D:8      | Identified the +1 long sword of the Desert {elec, *Rage
                  | Drain rPois Stlth+}
  9892 | D:8      | Found a staircase to the Lair.
 10065 | D:8      | Reached * piety under Ashenzari
 10410 | D:9      | Found Fichepn's Weapon Emporium.
 10411 | D:9      | Identified the Quarto of Shifting Conjuration
 10476 | D:9      | Found a transporter.
 10535 | D:9      | Found a transporter.
 10543 | D:9      | Found Impabeugidd's Weapon Emporium.
 10556 | D:9      | Identified a scroll of acquirement
 10576 | D:9      | Reached skill level 10 in Hexes
 10689 | D:9      | Found a transporter.
 10723 | D:9      | Found a sacrificial altar of Ru.
 10765 | D:9      | Found a transporter.
 11030 | D:9      | Acquired the +8 quick blade of Wu Jian's Delight {flame,
                  | Int+2}
 11034 | D:9      | Reached ** piety under Ashenzari
 11090 | D:10     | Entered Level 10 of the Dungeon
 11479 | D:10     | Found a shimmering altar of Xom.
 11534 | D:10     | Noticed Erolcha
 11543 | D:10     | Killed Erolcha
 11544 | D:10     | Reached XP level 11. HP: 47/47 MP: 16/19
 11909 | Lair:1   | Entered Level 1 of the Lair of Beasts
 12031 | Lair:1   | Reached *** piety under Ashenzari
 12531 | Lair:2   | Reached skill level 10 in Dodging
 12578 | Lair:2   | Reached **** piety under Ashenzari
 12707 | Lair:2   | Reached skill level 11 in Stealth
 12777 | Lair:2   | Noticed Sonja
 13048 | Lair:2   | Killed Sonja
 13126 | Lair:2   | Reached XP level 12. HP: 51/51 MP: 21/23
 13184 | Lair:2   | Reached ***** piety under Ashenzari
 13474 | Lair:2   | Found a staircase to the Shoals.
 13733 | Lair:3   | Reached skill level 12 in Stealth
 13933 | Lair:3   | Found a white marble altar of Elyvilon.
 14296 | Lair:3   | Found a hole to the Spider Nest.
 14611 | Lair:4   | Reached skill level 13 in Stealth
 14646 | Lair:4   | Noticed an eight-headed hydra
 14978 | Lair:4   | Killed an eight-headed hydra
 15149 | Lair:5   | Entered Level 5 of the Lair of Beasts
 15152 | Lair:5   | Found a staircase to the Slime Pits.
 15152 | Lair:5   | Found a viscous altar of Jiyva.
 15331 | Lair:5   | Reached skill level 10 in Ice Magic
 15376 | Lair:5   | Noticed a death yak
 15382 | Lair:5   | Learned a level 3 spell: Hailstorm
 15478 | Lair:5   | Reached XP level 13. HP: 55/55 MP: 22/27
 15510 | Lair:5   | Reached skill level 14 in Stealth
 15869 | Lair:5   | Identified the +1 robe of the Morning {rF++ MP+9}
 15992 | Lair:5   | Identified the +6 short sword "Anowkime" {vamp, Drain
                  | +Blink rN++ Stlth+}
 16187 | Lair:5   | Reached skill level 15 in Stealth
 16904 | Lair:5   | Reached skill level 16 in Stealth
 17342 | D:11     | Found a runed translucent door.
 17348 | D:11     | Noticed a fire dragon
 17365 | D:11     | Found a runed translucent door.
 17370 | D:11     | Noticed a fire giant
 17459 | D:11     | Found a frozen archway.
 17470 | IceCv    | Entered an ice cave
 17796 | IceCv    | Reached XP level 14. HP: 59/59 MP: 28/28
 17976 | IceCv    | Reached skill level 15 in Dodging
 18164 | D:11     | Reached skill level 17 in Stealth
 18290 | D:11     | Found Aliazis's Distillery.
 18352 | D:11     | Noticed a lich
 18354 | D:11     | Noticed domi's ghost (journeyman DsCj)
 18356 | D:11     | Identified the ring of the Lotus Blossom {rF+ Str+2}
 18422 | D:12     | Noticed Frances
 18425 | D:12     | Killed Frances
 18454 | D:12     | Reached skill level 1 in Fighting
 18568 | D:12     | Noticed Kirke
 18633 | D:12     | Killed Kirke
 19110 | D:12     | Found a staircase to the Orcish Mines.
 19183 | Orc:1    | Entered Level 1 of the Orcish Mines
 19184 | Orc:1    | Noticed Maurice
 19313 | D:12     | Killed Maurice
 19384 | Orc:1    | Noticed Nergalle
 19437 | Orc:1    | Killed Nergalle
 19498 | Orc:1    | Noticed jejorda2's ghost (journeyman MfBe)
 19501 | Orc:1    | Found a runed translucent door.
 19993 | Orc:2    | Entered Level 2 of the Orcish Mines
 20240 | Orc:2    | Found a staircase to the Elven Halls.
 20592 | Orc:2    | Found Yterooh's Weapon Shop.
 20660 | Orc:2    | Paralysed by an orc sorcerer for 3 turns
 21049 | Orc:2    | Reached skill level 18 in Stealth
 21617 | Orc:2    | Found Siconoph's Assorted Antiques.
 21623 | Orc:2    | Found Viegaf's Armour Shoppe.
 21632 | Orc:2    | Found Paxzuox's General Store.
 21666 | Orc:2    | Bought a scroll of enchant armour for 97 gold pieces
 22045 | Shoals:1 | Entered Level 1 of the Shoals
 22192 | Shoals:1 | Reached XP level 15. HP: 73/73 MP: 28/30
 22292 | Shoals:1 | Found a runed translucent door.
 23071 | D:11     | Killed a lich
 23209 | D:11     | Killed a fire giant
 23282 | D:11     | Killed domi's ghost
 23660 | Shoals:1 | Found a corrupted altar of Lugonu.
 23660 | Shoals:1 | Found a one-way gate to the infinite horrors of the Abyss.
 24117 | Shoals:2 | Noticed a kraken
 24484 | Shoals:1 | Reached skill level 19 in Stealth
 24766 | Shoals:2 | Found Mile's Antique Armour Shop.
 24775 | Shoals:2 | Reached skill level 5 in Fighting
 25508 | Shoals:3 | Learned a level 2 spell: Blink
 25652 | Shoals:3 | Reached skill level 1 in Translocations
 25991 | Shoals:3 | Found Joidd's Antique Armour Emporium.
 26182 | Shoals:3 | Found Feiniunu's Armour Shoppe.
 26297 | Shoals:3 | Noticed Polyphemus
 26567 | Shoals:2 | Reached XP level 16. HP: 31/81 MP: 25/31
 26570 | Shoals:2 | Reached skill level 15 in Hexes
 27961 | Shoals:4 | Entered Level 4 of the Shoals
 28014 | Shoals:4 | Noticed Mlioglotl
 28056 | Shoals:3 | Killed Mlioglotl
 28060 | Shoals:3 | Killed Polyphemus
 28993 | Shoals:4 | Noticed a kraken
 29184 | Shoals:4 | Identified the Handbook of Anthracomancy and the Hornet
 29196 | Shoals:4 | Learned a level 3 spell: Teleport Other
 29506 | Shoals:4 | Reached skill level 10 in Short Blades
 29539 | Shoals:4 | Identified the +1 flail "Pidit" {heavy, *Slow rElec rN+++
                  | rCorr}
 29612 | Shoals:4 | Identified the amulet of Zaur {Harm rF- rN+++ Regen+ Dex-4}
 29696 | Shoals:4 | Noticed a kraken
 30193 | Shoals:4 | HP: 1/84 [merfolk aquamancer/shard of ice (13)]
 30412 | Shoals:4 | Killed from afar by a water nymph

Illustrated notes

Levels and vault maps discovered:
D:1:      dpeg_arrival_rooms_a, layout_loops_ring
D:2:      layout_loops_ring, basic_altar, minmay_misc_feat_hallway
D:3:      layout_loops_ring, mainiacjoe_overflow_cross_hatched, uniq_sigmund,
          uniq_terence, uniq_natasha
D:4:      layout_layer_cave, mainiacjoe_overflow_concentric_impassable,
          zin_statuary, kennysheep_big_empty_room, minmay_misc_feat_cross,
          due_unseen_surprise, uniq_duvessa, uniq_crazy_yiuf_cottage
D:5:      layout_loops_cross, kennysheep_okawaru_gauntlet,
          gup_sewer_entry_spiral, kennysheep_cross_room, st_stairs_6,
          serial_bayou_lagoon_a
D:6:      layout_loops_corners, nicolae_tso_besieged_by_evil,
          mainiacjoe_overflow_six_doors_small, serial_shops,
          nicolae_shop_waterfront, minmay_misc_feat_encased, roderic_lattice_a,
          minmay_parallelograms
D:7:      layout_rooms, mainiacjoe_overflow_24_doors, nemelex_dance_club_becter,
          makhleb_grotto_becter, jmf_multi_god_temple, temple_doors_e,
          chequers_mini_garden
D:8:      layout_loops_corners, kennysheep_orc_sif_temple, lair_entry_dummy,
          minmay_ruined_shrine
D:9:      layout_loops_cross, kennysheep_mini, serial_shops,
          nicolae_shop_bloodbath_and_beyond, shop,
          nicolae_transporter_intersection
D:10:     layout_roguey, xom_butterflies, item_on_display_a, uniq_erolcha
D:11:     layout_roguey, muffindrake_ghost_dual_entry, serial_shops,
          nicolae_shop_stone, portal_ice_cave_demonic_guard
D:12:     layout_loops_ring, orc_0_dummy, kennysheep_generic_room_5, uniq_kirke,
          uniq_frances
D:13:     cheibrodos_statue_roulette, layout_cave_pods, fountainhead,
          minivault_16, minmay_mirror_moons_of_madness
Temple:   nicolae_temple_two_arcs
Lair:1:   layout_cave_shapes, beast_lair_carwin_4
Lair:2:   minmay_lair_venomous_thicket, layout_loops_ring,
          minmay_shoals_entry_lonely_mermaid, minivault_24, beast_lair_carwin_1,
          grunt_megastairs_2, uniq_sonja
Lair:3:   layout_gridlike, spider_nest_entry_funnel_web, basic_altar,
          chequers_serial_rivers_small_b
Lair:4:   layout_hall_layers, st_stairs_11, minivault_24
Lair:5:   hangedman_lair_caniforms_friends, layout_gridlike, slime_entry_1,
          grunt_megastairs_1
Shoals:1: layout_shoals, nicolae_shoals_abyss_on_the_beach
Shoals:2: layout_shoals, serial_shops, shop
Shoals:3: layout_shoals, serial_shops, shop, shop, nicolae_shoals_seven_spires,
          uniq_polyphemus
Shoals:4: shoals_end_hangedman, layout_shoals, uniq_mlioglotl
Orc:1:    layout_caves, basic_altar, hellmonk_ghost_happy_afterlife,
          uniq_maurice, uniq_nergalle
Orc:2:    st_orc_elflike, layout_caves

Skill      XL: |  1  2  3  4  5  6  7  8  9 10 11 12 13 14 15 16 |
---------------+-------------------------------------------------+-----
Dodging        | 3 4 5 7 9 10 12 14 16 17 | 17.9
Spellcasting   | 3 4 5 6 7 |  7.6
Hexes          | 4 5 6 7 8 10 12 13 14 16 | 16.0
Stealth        | 5 6 7 9 10 11 13 16 18 19 | 19.9
Short Blades   | 2 3 4 5 7 9 10 | 10.3
Ice Magic      | 1 3 4 7 9 10 11 12 13 | 13.5
Fighting       | 3 5 7 |  7.1
Translocations | 2 4 |  4.0

Action                     |  1- 3 |  4- 6 |  7- 9 | 10-12 | 13-15 | 16-18 || total
---------------------------+-------+-------+-------+-------+-------+-------++-------
  Melee: Dagger            |   171 |    85 |   486 |   133 |       |       ||   875
         Punch             |     4 |       |     5 |     4 |     9 |     6 ||    28
         Quick blade       |       |       |       |   261 |   947 |   330 ||  1538
   Cast: Ensorcelled Hiber |     1 |    26 |    60 |   195 |   310 |   140 ||   732
         Confusing Touch   |       |       |     6 |     9 |    60 |    16 ||    91
         Hailstorm         |       |       |       |       |     2 |       ||     2
 Invoke: Curse Item        |       |       |     1 |     5 |     1 |       ||     7
         Shatter the Chain |       |       |       |       |     1 |       ||     1
    Use: Scroll            |       |     8 |     7 |     3 |     3 |     3 ||    24
         Potion            |       |       |       |     1 |     5 |    13 ||    19
   Stab: Sleeping          |    11 |    21 |    78 |   133 |   228 |    75 ||   546
         Confused          |       |       |     5 |    11 |    53 |     9 ||    78
         Distracted        |       |       |     2 |     1 |    12 |     3 ||    18
         Invisible         |       |       |       |       |     3 |       ||     3
 Armour: Robe              |    21 |     7 |     6 |       |       |       ||    34
         Steam dragon scal |       |       |    21 |    20 |    20 |    22 ||    83
  Dodge: Dodged            |   119 |    54 |   250 |   306 |   753 |   296 ||  1778
  Block: Other             |       |       |       |       |    39 |    47 ||    86
         Reflection        |       |       |       |       |     1 |     4 ||     5

Table legend: (Time is in decaauts)
 A = Elapsed time spent in this place.
 B = Non-inter-level travel time spent in this place.
 C = Inter-level travel time spent in this place.
 D = Time resting spent in this place.
 E = Time spent auto-exploring this place.
 F = Levels seen in this place.
 G = Mean time per level.
                   A        B        C        D        E       F      G
               +--------+--------+--------+--------+--------+-----+--------+
         Total |  21676 |  20419 |   1257 |   3842 |   8774 |  27 |  802.8 |
       Dungeon |   8996 |   8167 |    829 |    526 |   4811 |  13 |  692.0 |
        Temple |     80 |     56 |     24 |      0 |     52 |   1 |   80.0 |
          Lair |   3645 |   3429 |    216 |    325 |   1734 |   5 |  729.0 |
        Shoals |   6130 |   5978 |    152 |   2374 |   1226 |   4 | 1532.5 |
  Orcish Mines |   1871 |   1837 |     34 |    427 |    659 |   2 |  935.5 |
         Sewer |    560 |    560 |      0 |     88 |    273 |   1 |  560.0 |
      Ice Cave |    392 |    392 |      0 |    101 |     17 |   1 |  392.0 |
               +--------+--------+--------+--------+--------+-----+--------+

Top non-repeatable levels by time:
Shoals:3: 1840 daAuts
Shoals:2: 1701 daAuts
Shoals:4: 1443 daAuts
  Lair:5: 1265 daAuts
Shoals:1: 1144 daAuts
     D:4: 1113 daAuts
     D:8: 1019 daAuts
   Orc:2: 983 daAuts
     D:3: 972 daAuts
     D:6: 930 daAuts
   Orc:1: 888 daAuts
  Lair:2: 861 daAuts
    D:11: 727 daAuts
     D:5: 710 daAuts
     D:1: 670 daAuts
